[Event "Early-Titled-Tuesday-Blitz-April-16-2024"]
[Site "Chess.com"]
[Date "2024.04.16"]
[Round "2"]
[White "karinachess1"]
[Black "gurelediz"]
[Result "0-1"]
[WhiteElo "2606"]
[BlackElo "2947"]
[TimeControl "180+1"]
[EndTime "8:17:26 PDT"]
[Termination "gurelediz won by checkmate"]

1. d4 Nf6 2. c4 e5 3. dxe5 Ng4 4. Bf4 Nc6 5. Nf3 Bb4+ 6. Nbd2 Qe7 7. e3 Ngxe5 8. Nxe5 Nxe5 9. Be2 O-O 10. O-O a5 11.
Nf3 d6 12. Rc1 Bd7 13. Qc2 h6 14. h3 Rfe8 15. Rfd1 Rad8 16. a3 Bc5 17. Qc3 a4 18. Rd2 Ng6 19. Bg3 Bc6 20. Rcd1 Be4 21. Nd4 Qg5 22.
Bf3 h5 23. Bxe4 Rxe4 24. Nf3 Qe7 25. Rd5 h4 26. Bh2 Re8 27. Nd4 Ne5 28. Bxe5 Rxe5 29. Nf3 Re4 30. Ng5 Rxe3 31. fxe3 Bxe3+ 32. Kh1 Bxg5 33. Qf3 Bf6 34. R5d2 Qe4 35. Qxe4 Rxe4 36. Rc2 b6 37. Kg1 Be5 38. Kf2 f5 39. Kf3 Kf7 40. Rd3 g5 41. b3 axb3 42. Rxb3 Bd4 43. a4 Kf6 44.
Ra3 Ke5 45. a5 g4+ 46. hxg4 fxg4# 0-1

[Event "Early-Titled-Tuesday-Blitz-April-16-2024"]
[Site "Chess.com"]
[Date "2024.04.16"]
[Round "2"]
[White "YouJustFoundYourGodfather"]
[Black "vasblesk"]
[Result "0-1"]
[WhiteElo "2565"]
[BlackElo "2825"]
[TimeControl "180+1"]
[EndTime "8:17:27 PDT"]
[Termination "vasblesk won by resignation"]

1. d4 d5 2. Nf3 Nf6 3. Bf4 e6 4. e3 c5 5. Nbd2 Qb6 6. Rb1 Bd7 7. c3 cxd4 8. exd4 Bb5 9. Be2 Qa6 10. Bxb5+ Qxb5 11. Ne5 Nbd7 12. Ndf3 Be7 13. Qe2 Qxe2+ 14. Kxe2 Rc8 15.
Rhc1 Nxe5 16. Nxe5 Nd7 17. Nxd7 Kxd7 18. a4 b6 19. b3 Bd6 20. Ke3 Be7 21. Kd3 g5 22. Be3 h5 23. c4 f5 24. f3 h4 25. h3 g4 26. fxg4 fxg4 27. c5 gxh3 28. gxh3 bxc5 29. dxc5 e5 30. b4 Ke6 31. c6 d4 32. Bf2 Kd5 33. b5 e4+ 34. Ke2 e3 35.
Bg1 Rhg8 36. Rb3 Rg2+ 37. Kf1 Rg3 38. Rb2 Rf8+ 39. Ke2 Rg2+ 40. Kd3 Rxb2 41. Bxe3 Rb3+ 0-1

[Event "Early-Titled-Tuesday-Blitz-April-16-2024"]
[Site "Chess.com"]
[Date "2024.04.16"]
[Round "2"]
[White "pfalcon1949"]
[Black "SaqoChess_Twitch"]
[Result "0-1"]
[WhiteElo "1919"]
[BlackElo "2655"]
[TimeControl "180+1"]
[EndTime "8:17:28 PDT"]
[Termination "SaqoChess_Twitch won on time"]

1. e4 c5 2. Nf3 d6 3. d4 cxd4 4.
Nxd4 Nf6 5. Nc3 g6 6. Be3 Bg7 7.
f3 O-O 8. Bc4 Nc6 9. Qe2 Bd7 10.
O-O-O Rc8 11. Bb3 Nxd4 12. Bxd4 b5 13. h4 a5 14. Nxb5 a4 15. Bxa4 Qa5 16. b3 e5 17. Bb2 d5 18. h5 dxe4 19. hxg6 hxg6 20.
Bxe5 exf3 21. gxf3 Bf5 22. c4 Rfe8 23. f4 Bg4 24.
Qd2 Qb6 25. Qd4 Qa5 26. Rd2 Rcd8 27. Qc3 Qb6 28. Rxd8 Rxd8 29. Kb2 Qf2+ 30. Ka3 Bf8+ 31. b4 Nh5 32. Rc1 Rd2 33. Bb3 Bf5 34. Nd4 Rd3 35. Nxf5 Rxc3 36. Rxc3 Qa7+ 37. Kb2 gxf5 0-1

[Event "Early-Titled-Tuesday-Blitz-April-16-2024"]
[Site "Chess.com"]
[Date "2024.04.16"]
[Round "2"]
[White "Donskov_AN"]
[Black "sonicdravise"]
[Result "0-1"]
[WhiteElo "2360"]
[BlackElo "2603"]
[TimeControl "180+1"]
[EndTime "8:17:28 PDT"]
[Termination "sonicdravise won by checkmate"]

1. e4 d6 2. d4 Nf6 3. Nc3 e5 4.
Nf3 exd4 5. Nxd4 Be7 6. Bf4 O-O 7. Qd2 a6 8. O-O-O b5 9. f3 b4 10. Nd5 Nxd5 11. exd5 Bf6 12. Kb1 Bb7 13. Nf5 Nd7 14.
g4 g6 15. Ne3 Nc5 16. h4 Na4 17. Nc4 Rb8 18. Bg5 a5 19. Bh6 Re8 20. h5 Ba6 21.
hxg6 fxg6 22. Qh2 Qd7 23. Bc1 Nc3+ 24. bxc3 bxc3+ 25. Ka1 Rb4 26. Nxa5 Reb8 27. Nb3 Bxf1 28. Rhxf1 Qa4 29. Rh1 h5 30. Kb1 Ra8 31. a3 Rxb3+ 32. cxb3 Qxb3+ 33. Bb2 cxb2 34. g5 Rxa3 35. gxf6 Ra1# 0-1

[Event "Early-Titled-Tuesday-Blitz-April-16-2024"]
[Site "Chess.com"]
[Date "2024.04.16"]
[Round "2"]
[White "Boundless_Strike"]
[Black "Polish_fighter3000"]
[Result "0-1"]
[WhiteElo "2650"]
[BlackElo "3164"]
[TimeControl "180+1"]
[EndTime "8:17:30 PDT"]
[Termination "Polish_fighter3000 won by checkmate"]

1. d4 Nf6 2. f3 d5 3. e4 dxe4 4. Nc3 exf3 5. Nxf3 Bf5 6. Ne5 c6 7. g4 Be6 8. g5 Nd5 9. Ne4 Nd7 10. Nd3 Bf5 11.
Qf3 e6 12. Bd2 Qb6 13. c3 Be7 14. O-O-O Qa6 15. Kb1 b5 16. Ka1 Qb7 17. h4 a5 18.
Ng3 g6 19. Nxf5 gxf5 20. Rc1 a4 21. c4 bxc4 22. Rxc4 a3 23. b3 h6 24. Be2 hxg5 25. hxg5 Rxh1+ 26. Qxh1 Bd6 27. g6 fxg6 28. Qh7 Ne7 29. Nf4 Nf8 30. Qg7 O-O-O 31. Qf7 Nd5 32. Qg8 Nxf4 33. Bxf4 Bxf4 34. Bf3 Kb8 35. Rxc6 Qb4 36.
Kb1 Qe1+ 37. Kc2 Qd2+ 38. Kb1 Qd3+ 39. Rc2 Qf1+ 40. Bd1 Qxd1+ 41. Rc1 Qxc1# 0-1

[Event "Early-Titled-Tuesday-Blitz-April-16-2024"]
[Site "Chess.com"]
[Date "2024.04.16"]
[Round "2"]
[White "Cheer_Down"]
[Black "BeautiFullMindChess"]
[Result "1/2-1/2"]
[WhiteElo "2494"]
[BlackElo "2254"]
[TimeControl "180+1"]
[EndTime "8:17:30 PDT"]
[Termination "Game drawn by repetition"]

1. e4 c5 2. Nf3 Nc6 3. d4 cxd4 4. Nxd4 Nf6 5. Nc3 e5 6. Ndb5 d6 7. Bg5 a6 8. Na3 b5 9. Nd5 Be7 10. Bxf6 Bxf6 11. c3 Bb7 12. Nc2 Nb8 13. a4 bxa4 14. Ncb4 Nd7 15. Qxa4 O-O 16. Qa5 Nc5 17. Qxd8 Bxd8 18.
Bc4 Nxe4 19. Ke2 a5 20. Nc2 Rc8 21. Bb3 Nc5 22. Ba2 Ba6+ 23. Kf3 Kh8 24. g4 f5 25.
gxf5 Rxf5+ 26. Kg2 Nd3 27. f3 Bb7 28. h4 Bxd5 29.
Bxd5 Nf4+ 30. Kg3 Nxd5 31. Rad1 Nf6 32. Rxd6 Bc7 33. Re6 e4+ 34. Kg2 exf3+ 35. Kf1 Rd8 36. Nd4 Re5 37. Rc6 Bb8 38. Rg1 h6 39. Nxf3 Rf5 40. Kg2 Rd2+ 41. Nxd2 Ba7 42. Rf1 Re5 43. Rc8+ Kh7 44. Rxf6 gxf6 45. Rc7+ Kg6 46. Rxa7 Re2+ 47. Kg3 Rxd2 48. Rxa5 Rxb2 49. Rc5 h5 50. Kf3 Rh2 51. Kg3 Rc2 52. Rc8 Kf5 53. Kf3 Rh2 54. Rc5+ Kg6 55. Kg3 Rc2 56. Kh3 Rc1 57. Kg3 Rc2 1/2-1/2

[Event "Early-Titled-Tuesday-Blitz-April-16-2024"]
[Site "Chess.com"]
[Date "2024.04.16"]
[Round "2"]
[White "AsselLesbekova"]
[Black "AradNazari"]
[Result "0-1"]
[WhiteElo "2391"]
[BlackElo "2697"]
[TimeControl "180+1"]
[EndTime "8:17:32 PDT"]
[Termination "AradNazari won on time"]

1. e4 c5 2. Nf3 d6 3. Bb5+ Nd7 4.
Bxd7+ Bxd7 5. O-O Nf6 6. Qe2 e5 7. h3 Be7 8. c3 O-O 9. d4 Qc7 10. Bg5 Rfe8 11. Nbd2 a6 12. Rac1 Nh5 13. Bxe7 Nf4 14.
Qe3 Rxe7 15. dxe5 dxe5 16. h4 Rd8 17. g3 Bb5 18. c4 Rd3 19. Qe1 Nh3+ 20. Kg2 Bd7 21.
Qe2 Rd6 22. Rh1 Qc8 23. Nb1 Rg6 24. Kh2 Bg4 25. Qe3 Rf6 26. Nbd2 Rd7 27. Rhf1 Qd8 28. Rc3 h5 29. b4 cxb4 30. Rb3 a5 31. a3 Rfd6 32. Nxe5 Rxd2 33. Nxd7 Qxd7 34. axb4 axb4 35. Kg2 Re2 36. Qc1 Rxe4 37. f3 Re2+ 38. Kh1 Qc6 0-1

[Event "Early-Titled-Tuesday-Blitz-April-16-2024"]
[Site "Chess.com"]
[Date "2024.04.16"]
[Round "2"]
[White "Nutflush"]
[Black "Hudijegszid"]
[Result "0-1"]
[WhiteElo "2131"]
[BlackElo "2453"]
[TimeControl "180+1"]
[EndTime "8:17:32 PDT"]
[Termination "Hudijegszid won on time"]

1. e4 a6 2. d4 c6 3. Nf3 d5 4.
Nbd2 g6 5. c3 Bg7 6. h3 b5 7.
Bd3 Nd7 8. O-O Nb6 9. Re1 e6 10.
e5 Ne7 11. Nf1 a5 12. Ne3 h5 13. h4 Ba6 14. b4 Nc4 15. Bxc4 dxc4 16. a3 Nd5 17. Nxd5 cxd5 18. Bg5 Qb6 19. Qd2 Rh7 20. Reb1 Bc8 21. Qb2 Bd7 22. a4 bxa4 23. bxa5 Qxb2 24. Rxb2 Rh8 25. Rb7 Bf8 26. Rab1 a3 27. Rb8+ Rxb8 28. Rxb8+ Bc8 29. Rb1 Kd7 30. Bc1 Ba6 31. Ra1 Be7 32.
Bxa3 Bxa3 33. Rxa3 Rb8 34. Ng5 Rb3 35. Ra1 Rxc3 36.
Nxf7 Rb3 37. Nd6 c3 38. Rc1 Bd3 39. f4 c2 40. a6 Rb1 0-1

[Event "Early-Titled-Tuesday-Blitz-April-16-2024"]
[Site "Chess.com"]
[Date "2024.04.16"]
[Round "2"]
[White "Masterisback04"]
[Black "FuenfgegenWilly"]
[Result "0-1"]
[WhiteElo "2012"]
[BlackElo "2439"]
[TimeControl "180+1"]
[EndTime "8:17:32 PDT"]
[Termination "FuenfgegenWilly won on time"]

1. e4 e5 2. Nc3 Nf6 3. f4 d5 4. fxe5 Nxe4 5. Qf3 Nc6 6. Bb5 Bd7 7.
Nxd5 Ng5 8. Qf4 Ne6 9. Qg3 Nxe5 10. Qxe5 Bxb5 11. Nxc7+ Qxc7 12. Qxb5+ Kd8 13. Nf3 Bc5 14.
d4 Re8 15. Be3 Nxd4 16. O-O-O Rxe3 17. Nxd4 Kc8 18. Nb3 Bd6 19. Kb1 a6 20. Qd5 Re6 21. Rhf1 Be5 22. Qd3 g6 23. c3 Kb8 24. Nd4 Bxd4 25.
Qxd4 b6 26. Qd5 Ka7 27. Rde1 Rae8 28. Rxe6 Rxe6 29. Qd4 Rd6 30. Qf2 f5 31. a3 a5 32.
Qf3 Qd7 33. Rf2 Rd1+ 34. Kc2 Rd5 35. Qe3 Qa4+ 36. b3 Qxa3 0-1

[Event "Early-Titled-Tuesday-Blitz-April-16-2024"]
[Site "Chess.com"]
[Date "2024.04.16"]
[Round "2"]
[White "TheCount"]
[Black "MIss_MIaMI"]
[Result "1-0"]
[WhiteElo "2680"]
[BlackElo "2361"]
[TimeControl "180+1"]
[EndTime "8:17:33 PDT"]
[Termination "TheCount won by checkmate"]

1. d4 c5 2. d5 g6 3. e4 Bg7 4. Nf3 d6 5. h3 a6 6. a4 b6 7. Be2 Nd7 8. O-O Ngf6 9. Nc3 O-O 10. Re1 Ne8 11. Bf4 Ne5 12. Qd2 Nxf3+ 13. Bxf3 f6 14.
h4 Rb8 15. Bh6 Qc7 16. Ne2 b5 17. axb5 axb5 18. h5 g5 19. Bxg7 Nxg7 20. h6 Ne8 21. Ng3 Kh8 22. Bh5 Bd7 23. f4 gxf4 24. Qxf4 Rg8 25.
Bf7 Rg5 26. Nf5 Bxf5 27. exf5 Qd7 28. Be6 Qd8 29. Bf7 Nc7 30. Qe4 Qf8 31. Qxe7 Qxh6 32. Re2 Qg7 33. Ra7 Nxd5 34. Bxd5 Qxe7 35. Raxe7 c4 36. Re8+ Rxe8 37. Rxe8+ Kg7 38. Re7+ Kh6 39. Re6 Kh5 40. Rxf6 Kg4 41. Bf3+ Kf4 42. Rxd6 Rxf5 43. Rd5 Rf8 44. Rxb5 Ke3 45. Rb4 Rf4 46. b3 Rd4 47. Rxc4 Rd2 48. Re4# 1-0

[Event "Early-Titled-Tuesday-Blitz-April-16-2024"]
[Site "Chess.com"]
[Date "2024.04.16"]
[Round "2"]
[White "FoggyMorning"]
[Black "Rud_Makarian"]
[Result "0-1"]
[WhiteElo "2617"]
[BlackElo "3023"]
[TimeControl "180+1"]
[EndTime "8:17:34 PDT"]
[Termination "Rud_Makarian won on time"]

1. e4 c5 2. Nf3 d6 3. d4 cxd4 4. Nxd4 Nf6 5. Nc3 a6 6. h3 e6 7. g4 h6 8. Bg2 Nc6 9. O-O Be7 10. Nde2 O-O 11. b3 Qc7 12. Bb2 b5 13. a3 Bb7 14.
Qd2 Rac8 15. Kh1 Rfd8 16. f4 d5 17. exd5 exd5 18. g5 Ne4 19. Nxe4 dxe4 20. Qc3 Bf8 21. gxh6 Rd6 22. hxg7 Be7 23. Qe3 Bf6 24. Bxf6 Rxf6 25. Ng3 Ne7 26. f5 Qe5 27. Nh5 Nxf5 28. Qg5 Ng3+ 29.
Qxg3 Rxf1+ 30. Rxf1 Qxh5 31. c3 Bd5 32. b4 Re8 33.
Re1 Qh6 34. Re3 f5 35. Rd3 f4 36. Qe1 Bc6 37. Rd4 f3 38. Bf1 e3 39. Qg3 e2 40. Kh2 exf1=Q 0-1

[Event "Early-Titled-Tuesday-Blitz-April-16-2024"]
[Site "Chess.com"]
[Date "2024.04.16"]
[Round "2"]
[White "Mackster23"]
[Black "Abund"]
[Result "0-1"]
[WhiteElo "2561"]
[BlackElo "2818"]
[TimeControl "180+1"]
[EndTime "8:17:34 PDT"]
[Termination "Abund won on time"]

1. e4 c6 2. d4 d5 3. e5 c5 4. Nf3 cxd4 5. Nxd4 Nc6 6. Nxc6 bxc6 7. Bd3 e6 8. O-O a5 9. Qe2 Ne7 10. b3 Ng6 11. Nc3 Be7 12. Na4 O-O 13. c4 Ba6 14. f4 Rb8 15. Be3 Ba3 16. Rad1 Qe7 17. Rf3 f5 18. exf6 Rxf6 19. Rdf1 Bd6 20. Bd2 Rbf8 21.
Rh3 h6 22. g3 e5 23. cxd5 Bc8 24. f5 cxd5 25. g4 e4 26. Bb5 Ne5 27. Bc3 R6f7 28. Rg3 Qh4 29. Rg2 Kh8 30. Kh1 Bb7 31. Nb6 Nf3 32.
Rgf2 d4 33. Bb2 d3 34. Qe3 Bxh2 35. Kg2 Qg3+ 36. Kh1 Qh3 37. Rxf3 exf3 38. Qg5 Bg3+ 0-1

[Event "Early-Titled-Tuesday-Blitz-April-16-2024"]
[Site "Chess.com"]
[Date "2024.04.16"]
[Round "2"]
[White "milovichalex"]
[Black "ViratKohl_i"]
[Result "0-1"]
[WhiteElo "2293"]
[BlackElo "2523"]
[TimeControl "180+1"]
[EndTime "8:17:34 PDT"]
[Termination "ViratKohl_i won on time"]

1. e4 c6 2. Nc3 d5 3. exd5 cxd5 4. d4 Nf6 5. Bf4 a6 6. h3 Bf5 7. Nf3 Nc6 8. a3 e6 9. Nh4 Bg6 10. Nxg6 hxg6 11. Be2 Rc8 12. O-O Bd6 13. Bxd6 Qxd6 14. Bf3 Na5 15. Re1 Nc4 16. Qc1 O-O 17. Ne2 Rc7 18. c3 Rfc8 19. Rb1 b5 20. Nf4 a5 21. Nd3 Nd7 22. Qd1 Nb8 23. Ne5 Nxe5 24. dxe5 Qb6 25. h4 b4 26. cxb4 axb4 27. a4 b3 28. Re3 Rb7 29.
Be2 Nd7 30. Bb5 Nc5 31. h5 g5 32. h6 gxh6 33. Qh5 Kg7 34. f4 Ne4 35. Qf3 Nd2 36. Qf2 Nxb1 37. fxg5 hxg5 38. Qf6+ Kh7 39. Bd3+ Kg8 40.
Qxg5+ Kf8 41. Qh6+ Ke8 42. Bb5+ Kd8 43. Kh2 Kc7 44.
Rxb3 Qd4 45. Qh5 Kb8 46. a5 Nd2 0-1

[Event "Early-Titled-Tuesday-Blitz-April-16-2024"]
[Site "Chess.com"]
[Date "2024.04.16"]
[Round "2"]
[White "biostatistician"]
[Black "CrazyMartian"]
[Result "1-0"]
[WhiteElo "2619"]
[BlackElo "2336"]
[TimeControl "180+1"]
[EndTime "8:17:35 PDT"]
[Termination "biostatistician won by resignation"]

1. Nh3 d5 2. d4 Bxh3 3. gxh3 c5 4.
Bg2 e6 5. c4 Nf6 6. cxd5 Nxd5 7. O-O Nc6 8. e4 Nf6 9. d5 Nb8 10. Nc3 Be7 11. dxe6 fxe6 12. e5 Nd5 13. Nxd5 exd5 14.
Bxd5 Nc6 15. Bf4 Nd4 16. Bxb7 O-O 17. Bxa8 Qxa8 18. Bg3 Nf3+ 19. Kh1 Kh8 20. Rc1 Nd2+ 21. Kg1 Nf3+ 22. Kh1 Nd2+ 23. f3 Nxf3 24. Qe2 Ne1+ 25. Kg1 Nf3+ 26. Rxf3 Rxf3 27. Rf1 Rxf1+ 28. Qxf1 Qd5 29.
b3 h6 30. Qe2 c4 31. bxc4 Bc5+ 32. Bf2 Bxf2+ 33. Kxf2 Qc5+ 34. Kf3 Qc6+ 35. Qe4 Qe6 36.
Kg3 a6 37. c5 a5 38. c6 Qxa2 39. e6 Qb3+ 40. Kf4 Qb8+ 41. Qe5 Qb4+ 42. Kf5 Kh7 43. e7 g6+ 44. Ke6 Qc4+ 45. Kd7 Qe2 46. Qxe2 1-0

[Event "Early-Titled-Tuesday-Blitz-April-16-2024"]
[Site "Chess.com"]
[Date "2024.04.16"]
[Round "2"]
[White "szefru"]
[Black "SaiAgni_98"]
[Result "1-0"]
[WhiteElo "2289"]
[BlackElo "2494"]
[TimeControl "180+1"]
[EndTime "8:17:35 PDT"]
[Termination "szefru won on time"]

1. e4 e6 2. d4 d5 3. Nd2 Nf6 4. e5 Nfd7 5. f4 c5 6. c3 Nc6 7. Ndf3 Be7 8. Bd3 c4 9. Bc2 g6 10. Ne2 b5 11. O-O Qb6 12. g4 h5 13. gxh5 Rxh5 14.
Ng3 Rh8 15. Kg2 Nf8 16. Ng5 Bd7 17. Bd2 a5 18. b3 cxb3 19. axb3 b4 20. Ne2 Rh4 21.
cxb4 Bxb4 22. Bxb4 Nxb4 23. Bd3 Bb5 24. Bxb5+ Qxb5 25.
Nc3 Qd3 26. Qxd3 Nxd3 27. Kg3 Rh5 28. Nb5 Ke7 29. Rfd1 Nb4 30. Rdc1 Nd7 31. Rc7 Na6 32. Rb7 Rah8 33. h3 Nb4 34. Rxa5 Nc6 35. Ra1 Nd8 36. Rba7 Nc6 37. Rc7 1-0

[Event "Early-Titled-Tuesday-Blitz-April-16-2024"]
[Site "Chess.com"]
[Date "2024.04.16"]
[Round "2"]
[White "tetrix83"]
[Black "Msb2"]
[Result "0-1"]
[WhiteElo "2621"]
[BlackElo "3030"]
[TimeControl "180+1"]
[EndTime "8:17:37 PDT"]
[Termination "Msb2 won on time"]

1. Nf3 d5 2. g3 e6 3. Bg2 Nf6 4. O-O Bd6 5. d3 O-O 6. Nbd2 Nc6 7. e4 dxe4 8. dxe4 e5 9. c3 a5 10. Qe2 b6 11. Rd1 Ba6 12. Qe1 Qe7 13. Bf1 Bxf1 14.
Qxf1 Qe6 15. Qe2 Rad8 16. a4 h6 17. Nc4 Bc5 18. Bd2 Rd7 19. Kg2 Rfd8 20. b3 Rd3 21.
Ne1 R3d7 22. Nf3 Ne8 23. Be1 Nd6 24. Nfd2 Ne7 25. Nxd6 cxd6 26. Nc4 d5 27. exd5 Rxd5 28. Rxd5 Qxd5+ 29. f3 Nc6 30. Ra2 Qd1 31. Qxd1 Rxd1 32. Bf2 Rb1 33. Rb2 Rc1 34. Nxb6 Bxf2 35. Kxf2 Rxc3 36.
Nc4 f6 37. Ne3 Nb4 38. Nd1 Rc1 39. Rd2 Rb1 40. Ne3 Rxb3 41. Rd8+ Kh7 42. Rd7 Nd3+ 43.
Ke2 Nc5 44. Ra7 Rb2+ 45. Kf1 Nxa4 46. Nf5 Nc3 47. Rxg7+ Kh8 48. Rc7 Rb3 49. Nxh6 a4 0-1

[Event "Early-Titled-Tuesday-Blitz-April-16-2024"]
[Site "Chess.com"]
[Date "2024.04.16"]
[Round "2"]
[White "Kotofeyca"]
[Black "JJDAREK"]
[Result "1/2-1/2"]
[WhiteElo "2516"]
[BlackElo "2312"]
[TimeControl "180+1"]
[EndTime "8:17:37 PDT"]
[Termination "Game drawn by stalemate"]

1. d4 d6 2. e4 g6 3. c4 e5 4. Ne2 Bg7 5. Nbc3 Nc6 6. Be3 Nh6 7. f3 f5 8. Qd2 Nf7 9. exf5 gxf5 10. dxe5 dxe5 11.
Qxd8+ Ncxd8 12. O-O-O c6 13. f4 Be6 14. b3 e4 15. h3 h5 16. Nd4 h4 17. Be2 Ke7 18. Rd2 Rg8 19. Rhd1 Bxd4 20. Rxd4 Rxg2 21. Bh5 Rg3 22.
Bf2 Rxc3+ 23. Kb2 Rxh3 24. R4d2 e3 25. Re1 exd2 26. Bc5+ Kd7 27. Rd1 Rh2 28. Bg1 Rg2 29. Bf3 Rxg1 30. Rxg1 c5 31. Rd1 Nc6 32. Rxd2+ Kc7 33.
Rh2 Rh8 34. Kc3 Nd4 35. Bd1 Nd6 36. Kd3 Ne4 37. Ke3 Ng3 38. Kf2 b6 39. a3 Kd6 40.
b4 cxb4 41. axb4 a5 42. bxa5 bxa5 43. Kg1 Kc5 44. Ra2 Bxc4 45. Kh2 Bxa2 46. Bf3 Nxf3+ 47. Kh3 Ne2 48. Kg2 Nxf4+ 49. Kh1 Nd4 50. Kh2 h3 51. Kh1 h2 1/2-1/2

[Event "Early-Titled-Tuesday-Blitz-April-16-2024"]
[Site "Chess.com"]
[Date "2024.04.16"]
[Round "2"]
[White "ilimchess2"]
[Black "zsizsi99"]
[Result "0-1"]
[WhiteElo "2246"]
[BlackElo "2503"]
[TimeControl "180+1"]
[EndTime "8:17:37 PDT"]
[Termination "zsizsi99 won by resignation"]

1. d4 Nf6 2. c4 e6 3. Nc3 d5 4.
Nf3 Bb4 5. Bg5 dxc4 6. e3 O-O 7. Bxc4 b6 8. O-O Bb7 9. Rc1 Nbd7 10. Ne5 Be7 11.
Qb3 Nxe5 12. dxe5 Nd7 13. Bxe7 Qxe7 14. f4 a6 15. Qd1 b5 16. Bd3 c5 17. Ne4 c4 18. Bb1 Bxe4 19. Bxe4 Rad8 20. Qh5 g6 21. Qh6 f5 22. Bf3 Nc5 23. h4 Rd2 24. h5 Qg7 25.
Qg5 h6 26. Qh4 g5 27. Qe1 Rxb2 28. Rd1 Nd3 29. Qc3 Rxa2 30. Ra1 Rxa1 31. Rxa1 Ra8 32.
Bxa8 gxf4 33. exf4 Qg3 34. Bf3 Qxf4 35. Rxa6 b4 36.
Ra8+ Kf7 37. Qxc4 Qxc4 38. Ra7+ Kf8 39. Ra8+ Ke7 40. Ra7+ Kd8 0-1

[Event "Early-Titled-Tuesday-Blitz-April-16-2024"]
[Site "Chess.com"]
[Date "2024.04.16"]
[Round "2"]
[White "RedFirePanda"]
[Black "Ati1517"]
[Result "1-0"]
[WhiteElo "2496"]
[BlackElo "2226"]
[TimeControl "180+1"]
[EndTime "8:17:37 PDT"]
[Termination "RedFirePanda won on time"]

1. d4 Nf6 2. Bf4 g6 3. e3 Bg7 4.
Nf3 O-O 5. h3 d6 6. Nbd2 Nbd7 7.
Be2 Re8 8. c3 c5 9. O-O e5 10.
dxe5 dxe5 11. Bh2 e4 12. Ne1 b6 13. Nc4 Ba6 14. Qa4 Bxc4 15. Bxc4 a6 16. Bxa6 Ra7 17.
Qc4 Nb8 18. Bb5 Ree7 19. Nc2 Nfd7 20. Rfd1 Qc8 21. Rd2 Ne5 22. Bxe5 Rxe5 23. Rad1 Bf6 24.
Rd6 Kg7 25. Rxb6 Qc7 26. Rbd6 Rb7 27. a4 Be7 28. R6d5 Re6 29. Na1 Nc6 30. Nb3 Ne5 31. Qxe4 f5 32. Qf4 g5 33. Qxf5 Rbb6 34. Nd2 Rbd6 35.
Ne4 Rxd5 36. Rxd5 Nc6 37. Qxe6 Nd8 38. Qd7 Qxd7 39. Rxd7 Kf8 40. c4 1-0

[Event "Early-Titled-Tuesday-Blitz-April-16-2024"]
[Site "Chess.com"]
[Date "2024.04.16"]
[Round "2"]
[White "AlexeiShirov"]
[Black "Attacker_2006"]
[Result "1-0"]
[WhiteElo "2829"]
[BlackElo "2422"]
[TimeControl "180+1"]
[EndTime "8:17:39 PDT"]
[Termination "AlexeiShirov won by resignation"]

1. e4 c5 2. Nf3 Nc6 3. d4 cxd4 4. Nxd4 Nf6 5. Nc3 e5 6. Ndb5 d6 7. Nd5 Nxd5 8. exd5 Nb8 9. a4 Be7 10. Bd2 O-O 11. a5 f5 12. c4 a6 13. Nc3 Bg5 14. Na4 Nd7 15. b4 e4 16. c5 f4 17. Bc3 e3 18. Bc4 exf2+ 19. Kxf2 Bh4+ 20. Kf1 f3 21. g3 Ne5 22. Bxe5 Bh3+ 23. Kf2 dxe5 24. d6+ Kh8 25.
Re1 Qf6 26. Re4 Bg5 27. Nb6 Bf5 28. Qe1 Bxe4 29. Qxe4 Rad8 30. Bd3 Qh6 31. h4 Bd2 32. Nd5 g5 33. Rh1 g4 34. Rd1 Bf4 35. Ne7 Bxg3+ 36. Kxg3 f2 37. Qxe5+ Qg7 38. Qxg7+ Kxg7 39. Nf5+ Kh8 40.
Kxf2 Rde8 41. Kg3 Re5 42. Bc2 Ree8 43. d7 Rd8 44. Be4 Rf7 45. Kxg4 Rfxd7 46. Rxd7 Rxd7 47.
Nd6 Rg7+ 48. Kf4 Rg1 49. Bxb7 Rf1+ 50. Ke5 Rb1 51. c6 Rxb4 52. c7 Rc4 53. Nxc4 1-0

[Event "Early-Titled-Tuesday-Blitz-April-16-2024"]
[Site "Chess.com"]
[Date "2024.04.16"]
[Round "2"]
[White "MaxLeto"]
[Black "Kildepiotr"]
[Result "1-0"]
[WhiteElo "2419"]
[BlackElo "2693"]
[TimeControl "180+1"]
[EndTime "8:17:39 PDT"]
[Termination "MaxLeto won by resignation"]

1. g4 d5 2. Bg2 c6 3. h3 h5 4. g5 h4 5. d4 Bf5 6. c4 e6 7. Nc3 Nd7 8. f3 Bd6 9. e4 Bg3+ 10. Kf1 dxe4 11. fxe4 Bg6 12. Nge2 Bc7 13. Be3 Ne7 14. Qd2 c5 15. dxc5 Ne5 16. b3 Qxd2 17.
Bxd2 O-O-O 18. Rd1 N7c6 19. Nf4 a6 20. Kf2 Bh5 21.
Nce2 Bxe2 22. Kxe2 Nd4+ 23. Kf2 Nd7 24. Be3 Nc2 25.
Nd3 Nxe3 26. Kxe3 Rh5 27. g6 fxg6 28. Bf3 Rg5 29. Bg4 Re8 30. b4 a5 31. a3 axb4 32.
axb4 Nf6 33. Rhg1 Nxg4+ 34. Rxg4 Rxg4 35. hxg4 h3 36. Rh1 h2 37. e5 Rh8 38. Kf4 Kd7 39.
Kg3 g5 40. Rxh2 Ra8 41. Kf3 Ra3 42. Ke4 Ke7 43. Rh5 Ra1 44. Rxg5 Kf7 45. Rh5 Rd1 46. Rh8 Rd2 47. Rc8 1-0

[Event "Early-Titled-Tuesday-Blitz-April-16-2024"]
[Site "Chess.com"]
[Date "2024.04.16"]
[Round "2"]
[White "zverr1"]
[Black "Burgsvik"]
[Result "1-0"]
[WhiteElo "2499"]
[BlackElo "2236"]
[TimeControl "180+1"]
[EndTime "8:17:40 PDT"]
[Termination "zverr1 won on time"]

1. e4 c5 2. Nf3 Nc6 3. d4 cxd4 4.
Nxd4 Nf6 5. Nc3 e5 6. Ndb5 d6 7. Be3 a6 8. Na3 b5 9. Nd5 Nxd5 10. exd5 Ne7 11. c4 b4 12. Qa4+ Bd7 13. Qxb4 Ng6 14. Be2 Be7 15. O-O O-O 16. Qc3 f5 17. f4 Rb8 18. Rab1 Bf6 19. Qd2 exf4 20. Bd4 Bg5 21.
Bf3 Ne5 22. b4 Ng4 23. Qc3 Rf7 24. c5 Ne3 25. Rfc1 Bb5 26. Nxb5 axb5 27. c6 Rc7 28. Bxg7 Rxg7 29. c7 Rxc7 30. Qxc7 Qxc7 31. Rxc7 Bf6 32. h4 Bd4 33. Kh2 Ra8 34. Rbc1 Nc4 35. Be2 Ne3 36. Rb7 Be5 37. Bf3 Nc4 38. Rxb5 Nd2 39. Rb7 Nxf3+ 40. gxf3 h5 41. Kh3 Re8 42. a4 Bd4 43. a5 Bf6 44. a6 1-0

[Event "Early-Titled-Tuesday-Blitz-April-16-2024"]
[Site "Chess.com"]
[Date "2024.04.16"]
[Round "2"]
[White "KubaGepard"]
[Black "David_Arutinian"]
[Result "1/2-1/2"]
[WhiteElo "2573"]
[BlackElo "2820"]
[TimeControl "180+1"]
[EndTime "8:17:42 PDT"]
[Termination "Game drawn - insufficient material"]

1. d4 Nf6 2. Nf3 d5 3. c4 e6 4. e3 Be7 5. b3 O-O 6. Bb2 c5 7. dxc5 Na6 8. Nbd2 Nxc5 9. Be2 a5 10. O-O b6 11. Rc1 Bb7 12. Rc2 Nfd7 13. Qa1 Bf6 14. Bxf6 Qxf6 15. cxd5 Bxd5 16. Qxf6 Nxf6 17. Nc4 Rab8 18.
Nxb6 Bxf3 19. Bxf3 Nd3 20. Nc4 a4 21. bxa4 Rb4 22.
Rd1 Nc5 23. a5 Nfe4 24. Nb6 Rb5 25. Bxe4 Nxe4 26. Rc8 g5 27. Rxf8+ Kxf8 28. Nc4 Rc5 29. Rd4 Nc3 30. Kf1 e5 31. Rd8+ Ke7 32. a6 Nb5 33. Rb8 Rxc4 34. Rxb5 Ra4 35. Rxe5+ Kf6 36. Rb5 Rxa6 37.
Rb2 Ke5 38. Ke2 Ra3 39. h3 f5 40. Kf3 h5 41. g3 g4+ 42. hxg4 hxg4+ 43. Ke2 Ke4 44. Kd2 Kf3 45. Ke1 Ra8 46. Rb4 Rxa2 47.
Rf4+ Kg2 48. Rxf5 Ra1+ 49. Ke2 Ra2+ 50. Kd3 Rxf2 51. Rxf2+ Kxf2 52. e4 Kxg3 53. e5 Kh2 54. e6 g3 55. e7 g2 56. e8=Q g1=Q 57. Qh5+ Kg2 58. Qg5+ Kh2 59. Qh4+ Kg2 60. Ke2 Qf1+ 61.
Ke3 Qf3+ 62. Kd2 Qf2+ 63. Qxf2+ Kxf2 1/2-1/2

[Event "Early-Titled-Tuesday-Blitz-April-16-2024"]
[Site "Chess.com"]
[Date "2024.04.16"]
[Round "2"]
[White "TheoSlade"]
[Black "dcremisi"]
[Result "1-0"]
[WhiteElo "2375"]
[BlackElo "2664"]
[TimeControl "180+1"]
[EndTime "8:17:42 PDT"]
[Termination "TheoSlade won on time"]

1. d4 d5 2. c4 e6 3. Nf3 c6 4. e3 Nf6 5. Nc3 Nbd7 6. Qc2 Bd6 7. Be2 O-O 8. O-O Qe7 9. b3 b6 10. Bb2 Bb7 11. Rad1 dxc4 12. bxc4 e5 13. Rfe1 Rac8 14. Nh4 g6 15. dxe5 Nxe5 16. f4 Ned7 17. Kh1 Nc5 18.
Bd3 Nxd3 19. Rxd3 c5 20. Nd5 Nxd5 21. cxd5 c4 22. Qc3 f6 23. Rd4 Bb4 24. Qc1 Bxe1 25. Qxe1 c3 26. Bxc3 Rfd8 27. d6 Rxd6 28. Bb4 Rcd8 29.
Qc3 Rxd4 30. exd4 Qe4 31. h3 Qxd4 32. Qc7 Qd7 33. Qc4+ Bd5 34. Qc3 Qe6 35. Ba3 Rc8 36. Qb4 Qxh3+ 37. Kg1 Qg3 38. Qe7 Qxh4 39. Bb2 Qe1+ 40.
Kh2 Qh4+ 41. Kg1 Rc1+ 42. Bxc1 Qe1+ 43. Qxe1 1-0